 Dungeon Crawl Stone Soup version 0.16-a0-3003-ga5c7ff4 (webtiles) character file.

75 Chiseanne the Magician (level 4, 2/30 HPs)
             Began as a Demonspawn Wizard on Dec 7, 2014.
             Quit the game on level 4 of the Dungeon.
             The game lasted 00:11:46 (3716 turns).

Chiseanne the Magician (Demonspawn Wizard)          Turns: 3716, Time: 00:11:47

Health: 2/30       AC:  3    Str:  8    XL:     4   Next: 11%
Magic:  0/11       EV: 13    Int: 20    God:
Gold:   102        SH:  0    Dex: 11    Spells: 4 memorised, 2 levels left

rFire  . . .     SeeInvis .     f - -3 dagger (curse)
rCold  + . .     Clarity  .     n - +0 leather armour
rNeg   . . .     SustAb   .     (no shield)
rPois  .         Gourm    .     b - +0 hat
rElec  .         Spirit   .     (no cloak)
rCorr  .         Warding  .     (no gloves)
rMut   +         Stasis   .     (no boots)
MR     .....                    a - amulet of resist mutation
Stlth  +.........               (no ring)
                                (no ring)

@: lethally poisoned, very slightly contaminated, not resistant to hostile
enchantments, very unstealthy
A: repulsion field 2, cold resistance 1
a: no special abilities


You were on level 4 of the Dungeon.
You were not hungry.

You visited 1 branch of the dungeon, and saw 4 of its levels.

You collected 102 gold pieces.

Inventory:

Hand weapons
 e - a +0 club
 f - a cursed -3 dagger (weapon)
 g - a +0 rapier
 i - a +3 short sword
 k - a +2 mace of protection
Armour
 b - a +0 hat (worn)
 n - a +0 leather armour (worn)
Jewellery
 a - an amulet of resist mutation (around neck)
Books
 c - a book of Minor Magic

   Spells                             Type                      Level
   a - Magic Dart                     Conjuration                  1
   b - Blink                          Translocation                2
   c - Call Imp                       Summoning                    2
   d - Repel Missiles                 Charms/Air                   2
   e - Slow                           Hexes                        2
   f - Conjure Flame                  Conjuration/Fire             3
   g - Mephitic Cloud                 Conjuration/Poison/Air       3
Comestibles
 d - 2 bread rations
 j - 3 meat rations
 l - a beef jerky
 m - 4 chunks of flesh


   Skills:
 - Level 1.7 Dodging
 - Level 1.7 Stealth
 * Level 4.4 Spellcasting
 * Level 2.0 Conjurations
   Level 1.0 Summonings
   Level 0.8 Translocations


You had 2 spell levels left.
You knew the following spells:

 Your Spells              Type           Power        Failure   Level  Hunger
a - Magic Dart            Conj           ##..         6%          1    None
b - Conjure Flame         Conj/Fire      #.......     24%         3    ###....
c - Mephitic Cloud        Conj/Pois/Air  #.......     30%         3    ###....
d - Repel Missiles        Chrm/Air       #.....       21%         2    #......


Dungeon Overview and Level Annotations

Branches:
Dungeon (4/15)
 Temple: D:4-7

Altars:
Cheibriados
Elyvilon
Makhleb
Qazlal
Ru
Zin

Annotations:
D:3 Kemay's ghost, average SpAs


Innate Abilities, Weirdness & Mutations

You are surrounded by a moderate repulsion field (EV +3).
Your flesh is cold resistant.


Message History

Casting: Magic Dart
Confirm with . or Enter, or press ? or * to list all spells.
Aiming: Magic Dart
Press: ? - help, Shift-Dir - straight line, f - hound
Aim: a hound (hasn't noticed you)
The magic dart hits the hound.
The hound is lightly wounded.
* * * LOW HITPOINT WARNING * * *
You feel sick.
Casting: Magic Dart
Confirm with . or Enter, or press ? or * to list all spells.
You don't have enough magic to cast that spell.
Casting: Magic Dart
Confirm with . or Enter, or press ? or * to list all spells.
You don't have enough magic to cast that spell.
Casting: Magic Dart
Confirm with . or Enter, or press ? or * to list all spells.
You don't have enough magic to cast that spell.
Unknown command.
Are you sure you want to abandon this character and quit the game? (Confirm with "yes".)

...#.,,,,*'****,,.***,,,,**,,,,*,
...#....,*,,,**,,.###,,,,**,,,,*,
...#.....*,,,*,,,.....,,,**,,,**,
...#.....#,,,+,,,......,,**,,,**,
...+.....'.,,*,,,..h..,,,,,,,,,,,
...#.....#,,,*,,,....,,,,,,,,,,,,
#'##.....##+##***..#****+**,,,,,,
.....##'###..####..##*,,,**,,,,,,
.....#.........'@...#,,,,**+****,
.....#.........#...%#,,,,**,,,***
.....#.........#....#,,,,,,,,,,,,
.....#.........#....#,,,,,,,,,,,,
.....#.........#....#,,,,,,,,,,,,
.....'.........#....+,,,,,,,,,,,,
.....################************
######


You could see a hound.

Vanquished Creatures
  2 adders
  2 giant geckos (D:2)
  3 orcs
  3 ball pythons
  6 bats
  4 hobgoblins
  A quokka (D:4)
  5 giant cockroaches
  2 giant newts
  6 goblins
  11 kobolds
  6 rats
51 creatures vanquished.

Notes
Turn   | Place    | Note
--------------------------------------------------------------
     0 | D:1      | Chiseanne, the Demonspawn Wizard, began the quest for the Orb.
     0 | D:1      | Reached XP level 1. HP: 13/13 MP: 4/4
   391 | D:1      | Gained mutation: You are surrounded by a mild repulsion field (EV +2). [demonic ancestry]
   391 | D:1      | Reached XP level 2. HP: 19/19 MP: 3/6
  1559 | D:2      | Learned a level 2 spell: Repel Missiles
  1629 | D:2      | Reached skill level 4 in Spellcasting
  1629 | D:2      | Gained mutation: You are surrounded by a moderate repulsion field (EV +3). [demonic ancestry]
  1629 | D:2      | Reached XP level 3. HP: 11/24 MP: 0/9
  1829 | D:2      | Learned a level 3 spell: Conjure Flame
  1833 | D:2      | Learned a level 3 spell: Mephitic Cloud
  2203 | D:2      | Noticed an ogre
  2224 | D:3      | Noticed Kemay's ghost (average SpAs)
  2307 | D:3      | Found a glowing silver altar of Zin.
  2307 | D:3      | Found a snail-covered altar of Cheibriados.
  2307 | D:3      | Found a white marble altar of Elyvilon.
  2307 | D:3      | Found a burning altar of Makhleb.
  2308 | D:3      | Found a sacrificial altar of Ru.
  2308 | D:3      | Found a stormy altar of Qazlal.
  2886 | D:3      | Noticed an ice beast
  3065 | D:4      | Noticed a phantom
  3705 | D:4      | Gained mutation: Your flesh is cold resistant. [demonic ancestry]
  3705 | D:4      | Reached XP level 4. HP: 12/30 MP: 0/11
  3716 | D:4      | Quit the game

Action                   |  1- 3 |  4- 6 || total
-------------------------+-------+-------++-------
Melee: Dagger            |    38 |       ||    38
 Cast: Magic Dart        |   153 |     2 ||   155
       Repel Missiles    |     1 |       ||     1
       Conjure Flame     |     2 |       ||     2
  Use: Scroll            |     6 |       ||     6
       Potion            |     2 |       ||     2
  Eat: Chunk             |     7 |       ||     7
       Beef jerky        |     1 |       ||     1
